 Seeded DCSS version 0.28.0-45-g0d030f2227 (webtiles) character file.

Game seed: 12379874936256595781 (custom seed)

1153 zeratav the Insei (level 8, -2/66 HPs)
             Began as an Octopode Transmuter on Apr 5, 2022.
             Was an Initiate of Ashenzari.
             Slain by an orc priest
             ... wielding a +0 mace
              (3 damage)
             ... on level 7 of the Dungeon.
             The game lasted 00:10:31 (7275 turns).

zeratav the Insei (Octopode Transmuter)             Turns: 7275, Time: 00:10:32

Health: -2/66      AC: 10    Str:  9    XL:     8   Next: 38%
Magic:  7/11       EV: 11    Int: 18    God:    Ashenzari [......]
Gold:   250        SH:  0    Dex: 12    Spells: 7/12 levels left

rFire   . . .      SeeInvis .     - Unarmed
rCold   + + +      Faith    .   (shield currently unavailable)
rNeg    . . .      Spirit   .   (helmet currently unavailable)
rPois   +          Reflect  .   (no amulet)
rElec   .          Harm     .   d - +4 ring of protection
rCorr   .          Rampage  .   j - ring of protection from fire
Will    .....                   k - +4 ring of slaying
Stlth   +.........              r - ring of wizardry
HPRegen 0.21/turn               u - ring of flight
MPRegen 0.12/turn               (no ring)
                                (no ring)
                                (no ring)

@: ice-form, flying
A: freezing attack, boosted hp, almost no armour, amphibious, 8 rings, large,
(camouflage 1), (gelatinous body 1), (nimble swimmer 1), (tentacles)
a: End Transformation, Renounce Religion, Curse Item


You were on level 7 of the Dungeon.
You worshipped Ashenzari.
Ashenzari was noncommittal.
You were a creature of crystalline ice.
You visited 2 branches of the dungeon, and saw 8 of its levels.

You collected 250 gold pieces.

Inventory:

Hand Weapons
 a - a +2 mace of holy wrath
 p - a +4 short sword of freezing (melded)
Jewellery
 d - a +4 ring of protection (left front paw)
 j - a ring of protection from fire (right front paw)
 k - a +4 ring of slaying (on tentacle)
 r - a ring of wizardry (on tentacle)
 u - a ring of flight (on tentacle)
Scrolls
 e - 2 scrolls of teleportation {unknown}
 g - 5 scrolls of identify {unknown}
 m - a scroll of holy word {unknown}
 n - a scroll of vulnerability {unknown}
 o - a scroll of enchant armour {unknown}
 s - a scroll of summoning {unknown}
 t - a scroll of enchant weapon {unknown}
Potions
 b - a potion of attraction {unknown}
 c - a potion of lignification {unknown}
 f - a potion of might {unknown}
 h - 2 potions of brilliance {unknown}
 i - 2 potions of curing {unknown}
 l - 2 potions of magic {unknown}
 q - a potion of invisibility {unknown}


   Skills:
 * Level 5.0 Fighting
 + Level 3.9 Dodging
 * Level 5.9 Unarmed Combat
 + Level 2.6 Spellcasting
 + Level 3.9 Transmutations
 + Level 3.2 Ice Magic


You had 7 spell levels left.
You knew the following spells:

 Your Spells              Type           Power      Damage    Failure   Level
a - Beastly Appendage     Tmut           32%        N/A       1%          1
b - Ice Form              Ice/Tmut       15%        N/A       16%         4

Your spell library contained the following spells:

 Spells                   Type           Power      Damage    Failure   Level
 Wereblood                Tmut           16%        N/A       1%          2
 Ensorcelled Hibernation  Hex/Ice        16%        N/A       5%          2
 Magic Dart               Conj           8%         1d3       7%          1
 Spider Form              Tmut/Pois      9%         N/A       9%          3
 Call Imp                 Summ           2%         N/A       11%         2
 Mephitic Cloud           Conj/Pois/Air  2%         N/A       21%         3
 Portal Projectile        Hex/Tloc       4%         N/A       21%         3
 Blade Hands              Tmut           8%         N/A       34%         5
 Anguish                  Hex/Necr       1%         N/A       52%         4
 Excruciating Wounds      Necr           1%         N/A       86%         5


Dungeon Overview and Level Annotations

Branches:
Dungeon (7/15)             Temple (1/1) D:4

Altars:
Ashenzari
Cheibriados
Dithmenos
Fedhas
Gozag
Kikubaaqudgha
Makhleb
Nemelex Xobeh
Okawaru
Qazlal
Ru
Sif Muna
Trog
Vehumet
Wu Jian
Xom
Yredelemnul
The Shining One

Shops:
D:6 *

Annotations:
D:3 3 runed translucent doors, Rudyous's ghost, amateur DrCK


Innate Abilities, Weirdness & Mutations

You are a creature of crystalline ice.
You have a powerful freezing melee attack.
Your maximum health is increased.
Your armour is entirely melded.
You are incapable of wielding weapons or throwing items.
You cannot wear most types of armour.
You are amphibious.
You can wear up to eight rings at the same time.
((Your skin changes colour to match your surroundings (Stealth+).))
((Your rubbery body absorbs attacks. (AC +1, EV +1)))
((You are camouflaged when in or above water. (Stealth+)))
((You have tentacles for arms and can constrict up to eight enemies at once.))


Message History

An orc comes into view. It is wielding a +0 falchion.
The orc shouts!
You hear a shout! x3
An orc priest comes into view. It is wielding a +0 mace.
An orc warrior comes into view. It is wielding a +0 battleaxe.
The orc priest mumbles some strange prayers to Beogh against you.
Pain shoots through your body!
You hit the orc. You freeze the orc. You grab the orc. You squeeze the orc.
You kill the orc!
A water moccasin comes into view.
The water moccasin moves out of view.
An orc comes into view. It is wielding a +0 short sword.
Things that are here:
a +0 falchion; an orc corpse The orc priest invokes the aid of Beogh against you.
Beogh smites you!
Found a stone staircase leading up.
Casting: Beastly Appendage (safe; 1% risk of failure)
Confirm with . or Enter, or press ? or * to list all spells.
The spell is quite dangerous to miscast (16% risk of failure)!
Continue anyway?
You turn into a creature of crystalline ice.
Your +4 short sword of freezing melds into your body.
Your +4 short sword of freezing stops glowing.
The orc warrior hits you with a +0 battleaxe!
You punch the orc warrior! You freeze the orc warrior.
The orc warrior is heavily wounded.
The orc warrior hits you with a +0 battleaxe.
You barely miss the orc warrior.
The orc warrior is heavily wounded.
You hit the orc warrior. You freeze the orc warrior.
The orc warrior is severely wounded.
You barely miss the orc priest.
The orc warrior hits you with a +0 battleaxe!
* * * LOW HITPOINT WARNING * * *
The orc priest barely misses you.
You hit the orc warrior but do no damage.
The orc warrior is heavily wounded.
The orc warrior hits you with a +0 battleaxe!!
* * * LOW HITPOINT WARNING * * *
The orc priest hits you with a +0 mace.
You die...

##(....# #..#####
#........... #.##
#........... #.#
#...........
..############...........
.........................
##########......[..<.....
##...####........# ###
##..### #oY....#
...###..#######o######
#..#..####.....#
#...###...#####
#..)o.o.### ##..........#
.....########..# #.... ..
...##


You could see an orc warrior and an orc priest.

Vanquished Creatures
  A hornet zombie (D:5)
  An ogre (D:5)
  A phantom (D:5)
  A bullfrog (D:6)
  A scorpion (D:4)
  3 water moccasin zombies
  3 wights (D:4)
  A centaur zombie (D:6)
  A bullfrog zombie (D:4)
  A bullfrog skeleton (D:7)
  3 hounds
  A human zombie (D:4)
  2 iguanas
  A scorpion zombie (D:4)
  2 hound zombies (D:4)
  A hound skeleton (D:4)
  8 adders
  An adder skeleton (D:4)
  2 adder zombies (D:4)
  2 worms
  A dart slug (D:2)
  3 orcs
  3 bats
  11 endoplasms
  2 giant cockroaches
  10 goblins
  6 hobgoblins
  7 jackals
  6 kobolds
  3 quokkas
  5 ball pythons
  4 frilled lizards
  3 rats
101 creatures vanquished.

Vanquished Creatures (others)
  5 fungi (D:1)
  4 plants (D:1)
9 creatures vanquished.

Grand Total: 110 creatures vanquished

Notes
Turn   | Place    | Note
-------+----------+-------------------------------------------
     0 | D:1      | zeratav the Octopode Transmuter began the quest for the
                  | Orb.
     0 | D:1      | Reached XP level 1. HP: 13/13 MP: 3/3
    69 | D:1      | Reached XP level 2. HP: 5/18 MP: 5/5
   881 | D:1      | Reached XP level 3. HP: 24/24 MP: 4/6
   900 | D:1      | Found a faded altar of an unknown god.
  1642 | D:2      | Reached skill level 1 in Ice Magic
  2246 | D:2      | Reached XP level 4. HP: 22/29 MP: 7/7
  2538 | D:3      | Found a shimmering altar of Xom.
  2538 | D:3      | Found a shimmering altar of Xom.
  2539 | D:3      | Found a shimmering altar of Xom.
  2539 | D:3      | Found a shimmering altar of Xom.
  2714 | D:3      | Found a runed translucent gate.
  2714 | D:3      | Found a runed translucent gate.
  2714 | D:3      | Found a runed translucent gate.
  2769 | D:3      | Found an opulent altar of Gozag.
  2790 | D:3      | Reached XP level 5. HP: 35/35 MP: 8/8
  2888 | D:3      | Noticed Rudyous's ghost (amateur DrCK)
  3324 | D:4      | Reached XP level 6. HP: 41/42 MP: 9/9
  3477 | D:4      | Found a staircase to the Ecumenical Temple.
  3484 | Temple   | Entered the Ecumenical Temple
  3523 | Temple   | Became a worshipper of Ashenzari the Shackled
  3858 | D:4      | Found an ancient bone altar of Kikubaaqudgha.
  3868 | D:4      | Reached XP level 7. HP: 43/47 MP: 10/10
  3899 | D:4      | Reached skill level 5 in Unarmed Combat
  4357 | D:4      | Found a sacrificial altar of Ru.
  4532 | D:5      | Entered Level 5 of the Dungeon
  4839 | D:5      | HP: 2/48 [ogre/+0 giant club (20)]
  5610 | D:5      | Reached XP level 8. HP: 38/54 MP: 11/11
  5788 | D:5      | Learned a level 4 spell: Ice Form
  6168 | D:6      | Found a blossoming altar of Fedhas.
  6325 | D:6      | Found Bauzo's General Store.
  6707 | D:6      | Reached skill level 5 in Fighting
  7039 | D:7      | Noticed a manticore
  7275 | D:7      | HP: 1/66 [orc warrior/+0 battleaxe (18)]
  7275 | D:7      | Slain by an orc priest

Illustrated notes

Levels and vault maps discovered:
D:1:      minmay_arrival_shoal_huts, layout_basic,
          dreamdust_ecumenical_altar_grove
D:2:      layout_basic
D:3:      layout_rooms, xom_redecorated, mainiacjoe_overflow_24_doors,
          gammafunk_ghost_icy, minmay_distorted
D:4:      layout_loops_ring, nicolae_ru_path_of_blood,
          lemuel_mausoleum_altar_kikubaaqudgha,
          minmay_temple_entry_enclosed_plants, minmay_misc_feat_hallway
D:5:      layout_basic
D:6:      layout_basic, mainiacjoe_overflow_alcove_1, serial_shops, shop,
          minmay_tree_intersection, kennysheep_boxes
D:7:      layout_rooms, zin_purify, mainiacjoe_overflow_chevrons,
          lemuel_tele_altar, corner_web_ring, kennysheep_generic_room_13
Temple:   nicolae_temple_god_jail

Skill      XL: |  1  2  3  4  5  6  7  8 |
---------------+-------------------------+-----
Fighting       | 2 3 4 5 |  5.0
Ice Magic      | 1 2 3 |  3.2
Unarmed Combat | 4 5 |  5.9
Transmutations | 3 |  3.9
Dodging        | 3 |  3.9
Spellcasting   | |  2.6

Action                   |  1- 3 |  4- 6 |  7- 9 || total
-------------------------+-------+-------+-------++-------
Melee: Unarmed           |    44 |       |     5 ||    49
       Constrict         |    19 |    20 |    16 ||    55
       Tentacles         |    17 |     7 |    19 ||    43
       Mace              |    44 |    74 |    32 ||   150
       Kick              |    10 |     9 |     3 ||    22
       Punch             |     1 |     3 |     2 ||     6
       Short sword       |       |       |    36 ||    36
 Cast: Beastly Appendage |    18 |     2 |     2 ||    22
       Ice Form          |       |       |     1 ||     1
 Stab: Sleeping          |     7 |     9 |     8 ||    24
       Distracted        |       |     1 |       ||     1
Armor: Skin              |    14 |    17 |    16 ||    47
Dodge: Dodged            |    73 |    48 |    48 ||   169
